 Dungeon Crawl Stone Soup version 0.25-a0-435-g4b9beb1024 (webtiles) character file.

Game seed: 16076984270212843817, levelgen mode: deterministic

7143 Nattfarinn the Summoner (level 11, -7/84 HPs)
             Began as a Barachi Summoner on Jan 29, 2020.
             Was an Elder of Cheibriados.
             Killed from afar by an electric eel (12 damage)
             ... with a bolt of electricity
             ... on level 8 of the Dungeon.
             The game lasted 00:42:01 (11153 turns).

Nattfarinn the Summoner (Barachi Summoner)         Turns: 11153, Time: 00:42:03

Health: -7/84      AC: 15    Str: 23    XL:     11   Next: 10%
Magic:  19/29      EV: 17    Int: 27    God:    Cheibriados [****..]
Gold:   255        SH:  0    Dex: 21    Spells: 9/23 levels left

rFire    . . .     SeeInvis .   g - +2 glaive (vorpal)
rCold    . . .     Gourm    .   (shield currently unavailable)
rNeg     + . .     Faith    .   n - +0 acid dragon scales
rPois    .         Spirit   .   (no helmet)
rElec    .         Reflect  .   b - +1 cloak
rCorr    +         Harm     .   s - +0 pair of gloves
MR       .....                  C - +1 pair of boots "Rutieck" {rN+ rCorr}
Stlth    +++.......             (no amulet)
HPRegen  0.24/turn              j - +3 ring of slaying
MPRegen  0.21/turn              L - ring "Ysirph" {MP+9 Str+3 Stlth+}

@: very slow
A: +LOS, swims, slowness 1, strong legs 1
a: Hop, Bend Time, Temporal Distortion, Slouch, Renounce Religion


You were on level 8 of the Dungeon.
You worshipped Cheibriados.
Cheibriados was greatly pleased with you.
You were not hungry.

You visited 2 branches of the dungeon, and saw 11 of its levels.
You also visited: Bailey.

You collected 511 gold pieces.
You spent 256 gold pieces at shops.

Inventory:

Hand Weapons
 g - a +2 vorpal glaive (weapon)
 m - a +0 dagger
 u - a +2 spear
 H - a +3 halberd of protection
Armour
 a - a +0 robe
 b - a +1 cloak (worn)
 d - a +0 leather armour
 n - +0 acid dragon scales (worn)
 s - a +0 pair of gloves (worn)
 C - the +1 pair of boots "Rutieck" (worn) {rN+ rCorr}
   (You bought it in a shop on level 5 of the Dungeon)

   It protects you from negative energy.
   It provides partial protection from all sources of acid and corrosion.
   If you remove this armour, your AC will fall 3 points (15 -> 12)
Jewellery
 j - a +3 ring of slaying (left hand)
 r - an uncursed ring of ice
 w - an uncursed ring of protection from cold
 K - an uncursed amulet of harm {unknown}
 L - the ring "Ysirph" (right hand) {MP+9 Str+3 Stlth+}
   (You took it off an orc wizard on level 8 of the Dungeon)

   [ring of magical power]

   It affects your strength (+3).
   It affects your magic capacity (+9).
   It makes you more stealthy.
 O - an uncursed ring of see invisible {unknown}
Wands
 I - a wand of enslavement (5)
Scrolls
 e - 6 scrolls of remove curse
 f - 3 scrolls of silence {unknown}
 k - a scroll of teleportation
 o - 3 scrolls of amnesia
 p - 2 scrolls of fear {unknown}
 q - 8 scrolls of identify
 y - a scroll of enchant weapon {unknown}
 D - 2 scrolls of fog {unknown}
 E - 6 scrolls of immolation
 J - 2 scrolls of magic mapping
 M - a scroll of vulnerability {unknown}
 N - a scroll of blinking {unknown}
Potions
 h - 3 potions of agility
 i - 3 potions of curing
 l - 4 potions of berserk rage
 t - 2 potions of invisibility
 v - 2 potions of degeneration {unknown}
 x - a potion of might {unknown}
 z - a potion of lignification {unknown}
 A - a potion of mutation {unknown}
 B - a potion of magic {unknown}
 F - a potion of ambrosia {unknown}
 G - a potion of cancellation {unknown}
Comestibles
 c - 19 rations


   Skills:
 + Level 7.4 Fighting
 * Level 10.6 Armour
 + Level 7.2 Dodging
 - Level 1.7 Stealth
 + Level 6.6 Spellcasting
 * Level 11.6 Summonings


You had 9 spell levels left.
You knew the following spells:

 Your Spells              Type           Power        Failure   Level  Hunger
a - Summon Small Mammal   Summ           ####         1%          1    None
b - Call Imp              Summ           ######..     1%          2    None
c - Call Canine Familiar  Summ           ######..     1%          3    None
d - Summon Lightning Spi  Summ/Air       #####...     7%          4    ###....
e - Summon Ice Beast      Ice/Summ       #####...     7%          4    ###....

Your spell library contained the following spells:

 Spells                   Type           Power        Failure   Level  Hunger
 Summon Guardian Golem    Hex/Summ       #####...     1%          3    None
 Freeze                   Ice            #...         8%          1    None
 Confusing Touch          Hex            #.......     22%         3    None
 Gell's Gravitas          Tloc           #.........   22%         3    None
 Ozocubu's Armour         Chrm/Ice       #.......     22%         3    None
 Hailstorm                Conj/Ice       #.......     58%         4    ###....
 Petrify                  Tmut/Erth      #.......     58%         4    ###....
 Metabolic Englaciation   Hex/Ice        #.........   90%         5    #####..
 Yara's Violent Unravell  Hex/Tmut       #.........   90%         5    #####..


Dungeon Overview and Level Annotations

Branches:
Dungeon (10/15)            Temple (1/1) D:6            Lair (0/6) D:8
 Bailey (visited)
    Orc: D:9-12

Altars:
Ashenzari
Cheibriados
Gozag
Hepliaklqana
Kikubaaqudgha
Makhleb
Nemelex Xobeh
Okawaru
Ru
Trog
Vehumet
Wu Jian
Xom
Zin

Shops:
D:5 ([:

Portals:
Abyss: D:4

Annotations:
D:4 2 transporters, paps's ghost, amateur DsGl
D:10 Grum; Josephine


Innate Abilities, Weirdness & Mutations

You can be seen from farther away. (+LOS)
You can swim through water.
You cover ground slowly.
You can hop short distances.


Message History

Your warg barely misses the electric eel.
The electric eel shoots out a bolt of lightning at you!
The bolt of electricity hits the plant! x2; The bolt of electricity hits you.
* * * LOW HITPOINT WARNING * * *
The bolt of electricity hits you!
* * * LOW HITPOINT WARNING * * *
You swap places.
The electric eel shoots out a bolt of lightning at you!
The bolt of electricity hits your ice beast!
The bolt of electricity hits you!
* * * LOW HITPOINT WARNING * * *
The electric eel shoots out a bolt of lightning at you!
The bolt of electricity hits the plant! x2
The plant is destroyed!
The bolt of electricity hits your ice beast!
The bolt of electricity hits you but does no damage.
The electric eel shoots out a bolt of lightning at you!
The bolt of electricity hits your ice beast!
The bolt of electricity hits you!
You die...

#.#......#?≈?≈$##≈≈≈##≈#.........
#.#...####$.PP.#;;.≈≈#≈#...##....
#........#≈P.P.#h.%≈!#≈#...###...
.###.##..#.....#$P;P.#≈#...# #...
.###..#..#.....#≈≈...#.#...# #...
....#.#.## #..8..#.#...# ###.
....#...#..#####.Y...#.#..## ##
........##.†≈≈(##'..##.#..# #
.....#.).#####≈≈@####≈##..#######
.....#......)###.(.≈≈##..........
#.####....).>..#######....#######
#.# #.....................# # #.#
#.............######### #
#.###.............# #
...≈#.............#
...≈#.............#
...≈#.............#


You could see 2 electric eels, a friendly ice beast and a friendly lightning
spire.

Vanquished Creatures
  2 two-headed ogres
  A deep elf knight (Bailey)
  4 deep elf magi (Bailey)
  An orc warrior (D:8)
  2 ice beasts
  A sky beast (D:5)
  An ogre (D:7)
  A centaur (D:5)
  3 big kobolds
  2 bullfrogs (D:7)
  A scorpion (D:7)
  A crimson imp (D:8)
  4 hounds
  2 orc priests
  A centaur skeleton (D:7)
  2 orc wizards
  5 iguanas
  4 worker ants
  A hound skeleton (D:4)
  3 worker ant zombies
  7 adders
  A howler monkey skeleton (D:5)
  A shadow imp (D:8)
  An ooze (D:1)
  An adder zombie (D:8)
  2 adder skeletons (D:4)
  2 worms (D:2)
  A dart slug (D:2)
  6 leopard geckos
  6 orcs
  2 ball pythons
  2 giant cockroaches
  7 goblins
  3 hobgoblins
  5 jackals
  4 kobolds
  8 quokkas
  6 bats
  5 frilled lizards
  3 rats
  A rat zombie (D:8)
116 creatures vanquished.

Vanquished Creatures (collateral kills)
  4 deep elf magi (Bailey)
  Maurice (D:8)
  Maggie (D:7)
  A komodo dragon (D:8)
  A wraith (D:9)
  6 yaks (D:8)
  A spatial vortex (Bailey)
  Menkaure (D:5)
  2 water moccasins
  An orc warrior (D:9)
  A necrophage (D:6)
  2 phantoms (D:5)
  A wolf (D:9)
  3 ogres (D:5)
  A centaur (D:3)
  The ghost of Piu the Digger, an amateur FoEE (D:3)
  3 bullfrogs
  A wyvern zombie (D:6)
  3 scorpions
  3 wights (D:6)
  A centaur zombie (D:8)
  4 hounds
  3 orc priests
  2 jellies
  5 orc wizards
  An iguana (D:9)
  6 worker ants
  A hound skeleton (D:6)
  A worker ant zombie (D:6)
  4 gnolls (D:9)
  6 adders
  An adder skeleton (D:5)
  A worm (D:2)
  A leopard gecko (D:9)
  19 orcs
  A bat (D:2)
  3 goblins (D:1)
  2 hobgoblins
  5 jackals
  A quokka (D:7)
  A jackal skeleton (D:8)
  6 kobolds
  A leopard gecko skeleton (D:9)
  A leopard gecko zombie (D:5)
  2 rats
117 creatures vanquished.

Vanquished Creatures (others)
  2 plants (D:8)
2 creatures vanquished.

Grand Total: 235 creatures vanquished

Notes
Turn   | Place    | Note
-------+----------+-------------------------------------------
     0 | D:1      | Nattfarinn the Barachi Summoner began the quest for the
                  | Orb.
     0 | D:1      | Reached XP level 1. HP: 13/13 MP: 3/3
   298 | D:1      | Reached skill level 5 in Summonings
   298 | D:1      | Reached XP level 2. HP: 3/19 MP: 1/5
   302 | D:1      | Learned a level 2 spell: Call Imp
   607 | D:1      | Reached skill level 1 in Armour
  1111 | D:1      | Reached XP level 3. HP: 13/25 MP: 6/6
  1631 | D:2      | Reached skill level 1 in Fighting
  1784 | D:2      | Found a hazy altar of Hepliaklqana.
  2118 | D:2      | Reached XP level 4. HP: 32/32 MP: 7/7
  2442 | D:3      | Noticed a centaur
  2454 | D:3      | Killed a centaur
  2454 | D:3      | Reached XP level 5. HP: 22/37 MP: 1/9
  2721 | D:3      | Learned a level 3 spell: Call Canine Familiar
  2791 | D:3      | Found a runed translucent door.
  2792 | D:3      | Noticed Piu's ghost (amateur FoEE)
  2925 | D:3      | Reached skill level 6 in Summonings
  3188 | D:3      | Found a faded altar of an unknown god.
  3616 | D:4      | Found a transporter.
  3623 | D:4      | Found a one-way gate to the infinite horrors of the Abyss.
  3623 | D:4      | Noticed paps's ghost (amateur DsGl)
  3683 | D:4      | Found a radiant altar of Vehumet.
  3689 | D:4      | Found an ornate altar of the Wu Jian Council.
  3829 | D:4      | Found a transporter.
  3876 | D:4      | Reached XP level 6. HP: 37/44 MP: 0/10
  3957 | D:4      | Learned a level 4 spell: Summon Lightning Spire
  4438 | D:5      | Entered Level 5 of the Dungeon
  4687 | D:3      | Killed Piu's ghost
  4955 | D:4      | Identified the +10 rapier of the People {distort, *Rage
                  | rPois rF+ Str+8}
  5090 | D:5      | Reached XP level 7. HP: 50/51 MP: 5/12
  5165 | D:5      | Found Uceumn's Antique Armour Emporium.
  5357 | D:5      | Reached skill level 7 in Summonings
  5475 | D:5      | Noticed Menkaure
  5490 | D:5      | Killed Menkaure
  5583 | D:5      | Found an iron altar of Okawaru.
  5584 | D:5      | Found a bloodstained altar of Trog.
  5620 | D:5      | Reached skill level 5 in Armour
  5987 | D:5      | Found a shimmering altar of Xom.
  5987 | D:5      | Found a sparkling altar of Nemelex Xobeh.
  5995 | D:5      | Found Laalepob's Book Shop.
  6085 | D:5      | Reached XP level 8. HP: 58/58 MP: 6/13
  6128 | D:5      | Found Eghapsum's Weapon Shoppe.
  6575 | D:6      | Found a burning altar of Makhleb.
  6843 | D:6      | Reached skill level 8 in Summonings
  7756 | D:6      | Found a staircase to the Ecumenical Temple.
  7766 | Temple   | Entered the Ecumenical Temple
  7780 | Temple   | Became a worshipper of Cheibriados the Contemplative
  8034 | D:7      | Noticed Maggie
  8072 | D:7      | Killed Maggie
  8116 | D:7      | Reached XP level 9. HP: 45/66 MP: 13/15
  8134 | D:7      | Reached skill level 5 in Dodging
  8382 | D:5      | Bought a pair of distressingly furry boots for 256 gold
                  | pieces
  8387 | D:5      | Identified the +1 pair of boots "Rutieck" {rN+ rCorr} (You
                  | bought it in a shop on level 5 of the Dungeon)
  8481 | D:7      | Reached skill level 9 in Summonings
  8712 | D:7      | Reached * piety under Cheibriados
  9140 | D:7      | Reached skill level 5 in Fighting
  9184 | D:7      | You fall into a shaft and drop 3 floors!
  9184 | D:10     | Entered Level 10 of the Dungeon
  9185 | D:10     | Noticed a gargoyle
  9185 | D:10     | Noticed Grum
  9186 | D:10     | Noticed Josephine
  9208 | D:9      | Reached skill level 5 in Spellcasting
  9218 | D:9      | Found an opulent altar of Gozag.
  9260 | D:9      | Found a glowing silver altar of Zin.
  9298 | D:9      | Noticed a two-headed ogre
  9315 | D:9      | Killed a two-headed ogre
  9359 | D:9      | Found a flagged portal.
  9370 | Bailey   | Entered a bailey
  9421 | Bailey   | Learned a level 4 spell: Summon Ice Beast
  9428 | Bailey   | Noticed a deep elf mage
  9434 | Bailey   | Killed a deep elf mage
  9434 | Bailey   | Reached skill level 10 in Summonings
  9438 | Bailey   | Noticed a deep elf mage
  9448 | Bailey   | Killed a deep elf mage
  9448 | Bailey   | Reached XP level 10. HP: 76/76 MP: 8/18
  9448 | Bailey   | Noticed a deep elf mage
  9452 | Bailey   | Noticed a deep elf mage
  9455 | Bailey   | Noticed a deep elf mage
  9457 | Bailey   | Killed a deep elf mage
  9457 | Bailey   | Reached ** piety under Cheibriados
  9459 | Bailey   | Killed a deep elf mage
  9460 | Bailey   | Noticed a deep elf mage
  9464 | Bailey   | Noticed a deep elf mage
  9466 | Bailey   | Killed a deep elf mage
  9469 | Bailey   | Killed a deep elf mage
  9472 | Bailey   | Killed a deep elf mage
  9613 | Bailey   | Noticed a deep elf knight
  9620 | Bailey   | Killed a deep elf knight
  9746 | Bailey   | Noticed a deep elf mage
  9763 | Bailey   | Killed a deep elf mage
  9763 | Bailey   | Reached skill level 11 in Summonings
 10055 | D:9      | Found a shattered altar of Ashenzari.
 10267 | D:8      | Noticed Maurice
 10272 | D:8      | Reached *** piety under Cheibriados
 10275 | D:8      | Killed Maurice
 10275 | D:8      | Reached skill level 10 in Armour
 10427 | D:8      | Identified the ring "Ysirph" {MP+9 Str+3 Stlth+}
 10482 | D:8      | Found a staircase to the Lair.
 10517 | D:8      | Reached XP level 11. HP: 28/84 MP: 2/20
 10792 | D:8      | Noticed a two-headed ogre
 10800 | D:8      | Killed a two-headed ogre
 10818 | D:8      | Found a sacrificial altar of Ru.
 10964 | D:8      | Reached **** piety under Cheibriados
 11073 | D:8      | Found an ancient bone altar of Kikubaaqudgha.
 11153 | D:8      | Killed from afar by an electric eel

Levels and vault maps discovered:
D:1:      saegor_arrival_miasma, layout_basic
D:2:      layout_rooms, overflow_temple_1_default
D:3:      layout_loops_ring, chequers_ecumenical_altar_grove, first_ration,
          ebering_ghost_sewer_d, minmay_fractal_squares_diagonal_5
D:4:      layout_rooms, nicolae_overflow_hidden_temple,
          overflow_temple_1_default, gammafunk_ghost_abyssal_escape,
          serial_rivers, chequers_serial_rivers_large_a,
          chequers_serial_rivers_small_b, chequers_serial_rivers_micro_c,
          chequers_serial_rivers_large_b, chequers_serial_rivers_micro_a,
          minivault_24, minmay_vboxes
D:5:      layout_cave_pools, grunt_temple_overflow_bloody_war,
          chequers_temple_overflow_statue_of_worship, serial_shops, shop, shop,
          kennysheep_little_box, minmay_strange_pillars, uniq_menkaure
D:6:      layout_basic, minmay_temple_entry_stoned_glass,
          hangedman_abyss_or_decor_stabs, makhleb_blood_cavern_becter
D:7:      layout_basic, grunt_ogre_cave, kennysheep_generic_room_16, uniq_maggie
D:8:      cheibrodos_two_vegetables, layout_rooms, nicolae_ru_awakened_eye,
          lemuel_zombie_altar_kikubaaqudgha, david_lair_shrubbed,
          interstate_on_off, uniq_maurice
D:9:      layout_long_grid, lemuel_round_altar, old_standard_altar,
          enter_bailey_2, basic_altar, minmay_unpleasant_kobolds
D:10:     layout_rooms, uniq_joseph, uniq_grum, uniq_josephine, uniq_fannar
Temple:   jpeg_temple_clearing

Skill      XL: |  1  2  3  4  5  6  7  8  9 10 |
---------------+-------------------------------+-----
Summonings     | 5 6 7 8 10 11 | 11.6
Armour         | 1 2 3 4 5 6 8 10 | 10.6
Fighting       | 1 2 3 4 6 7 |  7.4
Dodging        | 3 4 6 7 |  7.2
Spellcasting   | 3 4 5 6 |  6.6
Stealth        | |  1.7

Action                   |  1- 3 |  4- 6 |  7- 9 | 10-12 || total
-------------------------+-------+-------+-------+-------++-------
Melee: Hand axe          |    94 |       |       |       ||    94
       Unarmed           |     5 |       |       |       ||     5
       Dagger            |    64 |   150 |    85 |       ||   299
       Spear             |       |       |    59 |       ||    59
       Glaive            |       |       |    41 |   100 ||   141
 Cast: Summon Small Mamm |     8 |       |     1 |       ||     9
       Call Imp          |     4 |    26 |    21 |       ||    51
       Call Canine Famil |       |    14 |    25 |     8 ||    47
       Summon Lightning  |       |       |    26 |    16 ||    42
       Summon Ice Beast  |       |       |       |     8 ||     8
 Abil: Hop               |     1 |     1 |       |     1 ||     3
  Use: Scroll            |     6 |       |     3 |     1 ||    10
       Potion            |     1 |       |     3 |       ||     4
 Stab: Sleeping          |     1 |     2 |     5 |     3 ||    11
       Distracted        |       |     1 |     3 |     1 ||     5
       Confused          |       |       |     1 |       ||     1
  Eat: Chunk             |     4 |    10 |    20 |     6 ||    40
       Ration            |       |     1 |     1 |       ||     2
Armor: Robe              |     3 |       |       |       ||     3
       Leather armour    |    36 |    50 |    42 |       ||   128
       Acid dragon scale |       |       |    14 |    46 ||    60
Dodge: Dodged            |   129 |   117 |   127 |    83 ||   456

Table legend:
 A = Non-vault XP
 B = Vault XP
 C = Vault XP percentage of total XP
 D = Non-vault monster count
 E = Vault monster count
 F = Vault count percentage of total count
                 A         B        C        D         E       F
            +---------+---------+-------+---------+---------+-------
      Total |    4955 |    5250 |  51.4 |     188 |      44 |  19.0
            +---------+---------+-------+---------+---------+-------
        D:1 |      40 |       0 |   0.0 |      24 |       0 |   0.0
        D:2 |      42 |       0 |   0.0 |      15 |       0 |   0.0
        D:3 |      69 |     151 |  68.6 |      16 |      12 |  42.9
        D:4 |     153 |      15 |   8.9 |      10 |       2 |  16.7
        D:5 |     734 |      87 |  10.6 |      24 |       2 |   7.7
        D:6 |     566 |      74 |  11.6 |      25 |       2 |   7.4
        D:7 |     549 |     399 |  42.1 |      16 |       3 |  15.8
        D:8 |    1572 |     728 |  31.7 |      28 |       6 |  17.6
        D:9 |    1230 |     332 |  21.3 |      30 |       8 |  21.1
     Bailey |       0 |    3464 | 100.0 |       0 |       9 | 100.0
            +---------+---------+-------+---------+---------+-------
